 Dungeon Crawl Stone Soup version 0.8.0-a0-2564-ga4ead3e character file.

1184482 78291 the Spry (level 24, 95/183 (191) HPs)
             Began as a Deep Dwarf Arcane Marksman on Nov 14, 2010.
             Was the Champion of Okawaru.
             Escaped with the Orb
             ... and 3 runes (of 3 types) on Nov 23, 2010!
             The game lasted 06:52:04 (125741 turns).

78291 the Spry (Deep Dwarf Arcane Marksman)       Turns: 125741, Time: 06:52:04

HP  95/183 (191) AC 12     Str 17 Exp: 24/853525 (14), need: 3174
MP  33/35        EV 29     Int 28      God: Okawaru [******]
Gold 5887        SH  0     Dex 15      Spells: 14 memorised, 13 levels left

Res.Fire  : + + .   See Invis. : .   y - +3,+5 eveningstar
Res.Cold  : + . .   Warding    : .   m - +2 leather armour of Okawaru's Favour {god Life Prot.: + . . Conserve : . (no shield)
Res.Poison: .       Res.Corr.  : .   c - +0 helmet of Gadu Tumaich {god gift, Dex+4 Res.Elec. : . Clarity : . R - +0 cloak {MR} Spirit.Shd: . Stasis : . M - -1 pair of elf gloves
Sust.Abil.: . .     Rnd.Telep. : .   w - +2 pair of dwarf boots {run} {god gift}
Res.Mut.  : +       Ctrl.Telep.: .   L - amulet of resist mutation
Res.Rott. : .       Levitation : .   H - ring of protection from cold
Saprovore : . . .   Ctrl.Flight: .   X - +5 ring of evasion

@: non-regenerating, quick, extraordinarily resistant to hostile enchantments,
extremely stealthy
A: life protection 1, sense surroundings 3, slow healing 3
a: Device Recharging, Might, Haste, Renounce Religion


You escaped.
You worshipped Okawaru.
Okawaru was exalted by your worship.
You were not hungry.

You visited 11 branches of the dungeon, and saw 76 of its levels.
You visited the Abyss 1 time.
You visited 1 bazaar.
You visited 3 portal chambers: spiders nest, wizlab, ice cave.

You collected 6502 gold pieces.
You spent 665 gold pieces at shops.

Inventory:

Hand weapons
 a - a +4,+3 whip of pain
   (You took it off Pikel on level 6 of the Dungeon)
 b - a +1,+3 crossbow of velocity
   (You took it off a yaktaur captain on level 27 of the Dungeon)
 n - a +0,+0 dagger (quivered)
   (You found it on level 1 of the Dungeon)
 y - a +3,+5 eveningstar (weapon)
   (You found it on level 4 of the Orcish Mines)
Missiles
 g - 85 +1 bolts
 o - 23 curare-tipped +0 needles {!f}
 s - 50 silver +4 bolts {god gift}
 x - 13 steel +2 bolts {god gift}
 B - 40 +1 bolts of penetration
Armour
 c - the +0 helmet of Gadu Tumaich (worn) {god gift, Dex+4 Int+4}
   (Okawaru gifted it to you on level 18 of the Dungeon)

   It affects your intelligence (+4).
   It affects your dexterity (+4).
 m - the +2 leather armour of Okawaru's Favour (worn) {god gift, rF++ Dex-1}
   (Okawaru gifted it to you on level 26 of the Dungeon)

   It affects your dexterity (-1).
   It greatly protects you from fire.
   Its enchantment level renders it somewhat resistant to acidic corrosion.
 w - a +2 pair of dwarven boots of running (worn) {god gift}
   (Okawaru gifted it to you on level 4 of the Shoals)
 M - a -1 pair of elven gloves (worn)
   (You found it on level 15 of the Dungeon)
 R - a +0 cloak of magic resistance (worn)
   (You took it off Crazy Yiuf on level 3 of the Dungeon)
Magical devices
 f - a wand of healing (0)
 j - a wand of hasting (3)
   (You took it off a hobgoblin on level 6 of the Dungeon)
 C - a wand of healing (1)
   (You took it off a yaktaur on level 21 of the Dungeon)
 D - a wand of hasting (5)
   (You found it on level 4 of the Shoals)
 I - a wand of digging (1)
   (You found it on level 4 of the Shoals)
 J - a wand of cold (3)
   (You found it on level 2 of the Elven Halls)
 O - a wand of disintegration (9)
   (You found it on level 2 of the Elven Halls)
 W - a wand of teleportation (13)
   (You found it on level 4 of the Crypt)
Comestibles
 z - 8 honeycombs
 P - 3 meat rations
Scrolls
 e - 3 scrolls of fog
 r - a scroll of enchant weapon I
 v - 2 scrolls of identify
 K - a scroll of magic mapping
Jewellery
 h - an uncursed amulet of the gourmand
   (You acquired it on level 3 of the Shoals)
 k - a cursed ring of teleportation
   (You found it in the Abyss)
 q - an uncursed ring of levitation
   (You found it on level 1 of the Dungeon)
 u - the ring "Bloymn" {Str+4 Int+3 MP+9}
   (You found it on level 3 of the Swamp)

   [ring of magical power]

   It affects your strength (+4).
   It affects your intelligence (+3).
 A - an uncursed ring of protection from magic
   (You found it on level 2 of the Dungeon)
 H - a ring of protection from cold (right hand)
   (You found it on level 2 of the Dungeon)
 L - an amulet of resist mutation (around neck)
   (You found it on level 5 of the Vaults)
 Q - an uncursed ring of poison resistance
   (You acquired it on level 26 of the Dungeon)
 S - an uncursed ring of see invisible
   (You found it on level 2 of the Hive)
 X - a +5 ring of evasion (left hand)
   (You found it on level 4 of the Dungeon)
Potions
 i - a potion of restore abilities
 p - 2 potions of healing
 V - 9 potions of magic
 Y - 5 potions of resistance
Orbs of Power
 d - the Orb of Zot
   (You found it on level 5 of the Realm of Zot)
Miscellaneous
 F - a barnacled rune of Zot
   (You found it on level 5 of the Shoals)
 G - an abyssal rune of Zot
   (You found it in the Abyss)
 U - a decaying rune of Zot
   (You found it on level 5 of the Swamp)

   You had 14 experience left.


   Skills:
 + Level 13 Fighting
 - Level 11 Maces & Flails
 - Level 2 Slings
 + Level 13 Crossbows
 + Level 8 Armour
 + Level 19 Dodging
 + Level 16 Stealth
 - Level 3 Stabbing
 + Level 5 Traps & Doors
 + Level 17 Spellcasting
 + Level 9 Enchantments
 - Level 15 Necromancy
 + Level 3 Translocations
 - Level 2 Air Magic
 - Level 1 Poison Magic
 + Level 2 Invocations
 + Level 7 Evocations


You had 13 spell levels left.
You knew the following spells:

 Your Spells              Type           Power        Success   Level  Hunger
a - Dispel Undead         Necr           ########.    Excellent   4    None
b - Vampiric Draining     Necr           ########..   Perfect     3    None
c - Pain                  Necr           #####        Perfect     1    None
d - Corona                Ench           #######.     Excellent   1    None
e - Freezing Aura         Ice/Ench       ######....   Excellent   2    None
f - Poison Weapon         Pois/Ench      N/A          Excellent   3    None
g - Repel Missiles        Air/Ench       #######...   Excellent   2    None
h - Control Teleport      Ench/Tloc      #######...   Excellent   4    None
i - Swiftness             Air/Ench       #######...   Excellent   2    None
j - Apportation           Tloc           ######....   Excellent   1    None
k - Teleport Self         Tloc           N/A          Good        5    None
l - Agony                 Necr           ########.    Excellent   5    None
n - Haste Ench            #######..      Very         Good        6    Choko
W - Borgnjor's Revivific  Necr           ########..   Excellent   5    None

Dungeon Overview and Level Annotations

Branches:
Dungeon (27/27)            Temple (1/1) D:4             Orc (4/4) D:8
    Elf (7/7) Orc:3          Lair (8/8) D:12          Swamp (5/5) Lair:2
 Shoals (5/5) Lair:5        Slime (0/6) Lair:7         Hive (2/2) D:14
  Vault (7/8) D:19          Blade (0/1) Vault:6       Crypt (5/5) Vault:3
    Zot (5/5) D:27
   Tomb: Crypt:2-3

Altars:
Ashenzari
Cheibriados
Elyvilon
Fedhas
Kikubaaqudgha
Makhleb
Nemelex Xobeh
Okawaru
Sif Muna
The Shining One
Trog
Vehumet
Xom
Yredelemnul
Zin
Beogh
Jiyva

Shops:
Elf:5: + Shoals:3: [ Vault:1: =!/([ Vault:5: (

Portals:
Hell: D:17 D:21 D:22 D:23 D:24 D:25 D:26 D:27
Abyss: D:16 D:22 D:25
Pan: D:24 D:27
Trove: D:23 (+4 gold dragon armour)

Annotations
D:14 exclusion: Nikola
D:18 exclusion: Norris
D:23 exclusion: 3 golden eyes
Elf:1 exclusion: 9 freezing vapour clouds
Elf:3 exclusion: 40 flame clouds
Lair:1 exclusion: ice statue
Lair:4 exclusion: Rupert
Vault:4 exclusions: sphinx and 1 more exclusion
Vault:5 exclusion: 8 flame clouds
Crypt:2 exclusion: 23 foul pestilence clouds


Innate Abilities, Weirdness & Mutations

You are resistant to damage.
You can recharge devices by infusing magical energy.
You resist negative energy.
You passively map a large area around you.
You do not heal naturally.


Message History

The puff of frost misses you.
You thump the white imp!
You kill the white imp!
Okawaru accepts your kill.
There is a stone staircase leading up here.
Are you sure you want to leave the Dungeon?
You have escaped!

..# #.##++###''##.# #.# # ..#
#.#.........#.# #.# # ..#
#.#.........#.# #.# #
..#######.#.........#.# #.# #
..........#.........#.# #.# #
..#######.#.........#.# #.# #
..# #.#.........#.####.##### ..#
#.#.........#........... ..#
#.#<...q...<######.##### ..#
#.########### #.# # ..# #......#
#.# # ..# #.####.# #.# # #.# #.#
#.# #.# # #.# #.# #.# #.# # #.#
#.# #.# #.# # #.#######.# #.#
#.# #
#.........####.###########.#####


There were no monsters in sight!

Vanquished Creatures
  Monster Symbol All '^'
  2 trap mimics
2 creatures vanquished. All '>' A stair mimic (D:13)
1 creature vanquished. All ';' 8 sharks 9 giant goldfish 2 lava fish (D:17) 9 electric eels 10 big fish
38 creatures vanquished. All '(' A dancing weapon (Vault:6)
1 creature vanquished. All ')' 5 mimics
5 creatures vanquished. All '@' Margery (Shoals:4) Kirke (Swamp:2) Frances (Swamp:4) Donald (Orc:4) Louise (D:19) Maud (D:14) Jozef (Swamp:2) Josephine (D:15) Erica (Orc:2) Harold (Orc:4) 5 hell knights (Shoals:4) 8 necromancers Maurice (D:8) Psyche (Elf:2) 4 slaves (D:6) Sigmund (D:4)
30 creatures vanquished. All '*' 4 giant spores
4 creatures vanquished. All '\' 2 portal mimics 2 shop mimics
4 creatures vanquished. All '2' 4 ice devils (Port) A hellion (Elf:5)
5 creatures vanquished. All '3' 2 orange demons An iron devil (Port) 4 blue devils (Port) 2 neqoxecs 10 shadow demons 4 ynoxinuls
23 creatures vanquished. All '4' A smoke demon (Elf:3)
1 creature vanquished. All '5' Grinder (D:8) 3 quasits 15 imps 5 iron imps 2 midges 4 shadow imps 6 lemures A white imp (D:1) 51 ufetubi
88 creatures vanquished. All '8' 6 ice statues
6 creatures vanquished. All 'a' 2 soldier ants 8 giant ants
10 creatures vanquished. All 'b' 49 giant bats A butterfly (D:18)
50 creatures vanquished. All 'B' A boring beetle (shapeshifter) (D:15) 5 boring beetles 13 boulder beetles 2 giant beetles
21 creatures vanquished. All 'c' 39 yaktaur captains 18 centaur warriors 100 yaktaurs 31 centaurs
188 creatures vanquished. All 'C' 5 frost giants 26 stone giants 4 fire giants 8 hill giants 21 cyclopes
64 creatures vanquished. All 'd' 2 draconians (shapeshifter) A draconian (D:12)
3 creatures vanquished. All 'D' the Lernaean hydra (Swamp:5) A quicksilver dragon (D:27) 2 storm dragons 2 bone dragons 3 dragons 2 ice dragons 18 hydras 13 swamp dragons 3 wyverns 2 mottled dragons
47 creatures vanquished. All 'e' A deep elf sorcerer (Elf:5) A deep elf demonologist (Port) 19 deep elf knights 14 deep elf conjurers 20 deep elf fighters 15 deep elf summoners 2 elves (shapeshifter) (D:15) 6 deep elf priests Duvessa (D:6) 19 deep elf magi Dowan (D:6) 26 deep elf soldiers
125 creatures vanquished. All 'E' A water elemental (Shoals:5)
1 creature vanquished. All 'f' A wandering mushroom (D:16) 6 ballistomycetes 2 fungi 14 toadstools
23 creatures vanquished. All 'F' 9 spiny frogs Prince Ribbit (D:9) 20 blink frogs A blink frog (shapeshifter) (D:16) 17 giant toads 21 giant frogs
69 creatures vanquished. All 'g' Crazy Yiuf (D:3) Ijyb (D:5) A boggart (D:18) 10 gnolls 23 goblins 26 hobgoblins
62 creatures vanquished. All 'G' A great orb of eyes (shapeshifter) (D:21) 5 great orbs of eyes 4 giant orange brains (D:23) 20 eyes of devastation (D:23) An eye of draining (D:14) 3 giant eyeballs
34 creatures vanquished. All 'h' 9 war dogs A hell hound (D:17) 15 wargs 13 hounds 13 jackals
51 creatures vanquished. All 'H' A sphinx (Vault:6) A minotaur (shapeshifter) (Vault:6) 7 griffons 24 harpies 13 hippogriffs 6 manticores
52 creatures vanquished. All 'i' Agnes (D:18)
1 creature vanquished. All 'I' 18 ice beasts 4 sky beasts
22 creatures vanquished. All 'j' 2 elephant slugs 12 giant slugs 4 agate snails
18 creatures vanquished. All 'J' 6 giant amoebae 68 slime creatures 20 jellyfish 5 jellies 5 oozes
104 creatures vanquished. All 'k' A queen bee (Hive:2) 6 giant fireflies (Lair:8) 11 bumblebees 174 killer bees 43 killer bee larvae
235 creatures vanquished. All 'K' Pikel (D:6) Sonja (Orc:2) 19 big kobolds 2 kobold demonologists 76 kobolds
99 creatures vanquished. All 'l' 2 lindwurms (Lair:8) A lindwurm (shapeshifter) (Vault:5) 5 komodo dragons A fire drake (Lair:6) 15 swamp drakes 5 gila monsters 9 iguanas 6 giant geckos 5 giant newts
49 creatures vanquished. All 'L' An ancient lich (Abyss) Boris (Vault:6) A lich (Vault:4)
3 creatures vanquished. All 'm' Ilsuiw (Shoals:5) 3 sirens A merfolk aquamancer (Shoals:4) 7 merfolk javelineers (Shoals:5) 4 merfolk impalers (Shoals:5) 11 mermaids A merfolk (shapeshifter) (Vault:6) 39 merfolk
67 creatures vanquished. All 'M' 3 guardian mummies (Crypt:2) 4 mummies
7 creatures vanquished. All 'n' A rotting hulk (Crypt:2) 11 ghouls 25 necrophages
37 creatures vanquished. All 'o' Saint Roka (Swamp:4) Nergalle (Shoals:2) An orc high priest (Orc:4) 4 orc sorcerers 26 orc knights Urug (D:14) 44 orc warriors Blork the orc (D:7) 26 orc priests 31 orc wizards 212 orcs
348 creatures vanquished. All 'O' 14 ogre magi 33 two-headed ogres 53 ogres
100 creatures vanquished. All 'p' 8 flayed ghosts 5 silent spectres 3 hungry ghosts 5 phantoms 5 shadows
26 creatures vanquished. All 'P' 2 plants
2 creatures vanquished. All 'r' 43 green rats 61 grey rats 15 quokkas 32 rats
151 creatures vanquished. All 'R' A rakshasa (D:17) 10 illusory rakshasas (D:17)
11 creatures vanquished. All 's' An emperor scorpion (shapeshifter) (D:26) An emperor scorpion (Port) A wolf spider (shapeshifter) (D:17) 4 trapdoor spiders 6 wolf spiders (Port) 7 redbacks 3 demonic crawlers (Port) 6 jumping spiders (Port) 6 tarantellas (Port) 17 scorpions 21 giant centipedes 3 giant mites 12 giant cockroaches
88 creatures vanquished. All 'S' Aizul (D:18) 6 sea snakes 3 black mambas 17 water moccasins 28 snakes 3 small snakes
58 creatures vanquished. All 't' An alligator snapping turtle (shapeshifter) (D:25) 4 alligators 3 baby alligators (Swamp:2) 15 snapping turtles 11 crocodiles
34 creatures vanquished. All 'T' Snorg (D:15) 6 deep trolls 3 iron trolls 13 rock trolls 12 trolls
35 creatures vanquished. All 'u' 8 very ugly things 119 ugly things
127 creatures vanquished. All 'U' A grizzly bear (Lair:5) 3 polar bears
4 creatures vanquished. All 'v' 41 insubstantial wisps
41 creatures vanquished. All 'V' 2 vampire magi (Crypt:3) 5 vampires
7 creatures vanquished. All 'w' A spiny worm (shapeshifter) (D:27) 11 spiny worms 5 rock worms 34 swamp worms 5 brain worms 5 giant leeches 21 worms A tentacle (Shoals:1)
83 creatures vanquished. All 'W' A shadow wraith (Crypt:3) 9 phantasmal warriors 9 wraiths 17 freezing wraiths 6 spectral orcs (Shoals:2)
42 creatures vanquished. All 'x' 7 unseen horrors An unseen horror (shapeshifter) (D:21) 4 small abominations
12 creatures vanquished. All 'X' 2 tentacled monstrosities 2 large large abominations (D:16)
4 creatures vanquished. All 'y' A moth of wrath (Zot:4) 13 giant blowflies 7 yellow wasps 30 giant mosquitos
51 creatures vanquished. All 'Y' 10 death yaks An elephant (shapeshifter) (D:26) 13 elephants 53 yaks 22 sheep
99 creatures vanquished. All 'z' 4 curse skulls 54 skeletal warriors 2 mottled draconian zombies (Crypt:4) A yellow draconian zombie (Crypt:4) A red draconian skeleton (Crypt:3) A siren zombie (Crypt:1) A yellow draconian skeleton (D:21) 3 red wasp zombies (D:18) A nisse zombie (Crypt:3) A baby alligator skeleton (Crypt:4) 2 merfolk zombies A viper zombie (Crypt:4) 2 redback zombies (D:18) 10 giant blowfly zombies 2 merfolk skeletons (Crypt:1) A mermaid skeleton (Crypt:1) 2 bumblebee zombies A queen bee zombie (Crypt:4) A blink frog simulacrum (Crypt:2) A giant goldfish skeleton (Crypt:3) A giant blowfly simulacrum (D:17) 2 black bear zombies 2 elf zombies (Elf:4) A soldier ant zombie (D:12) 3 water moccasin skeletons 3 killer bee zombies 16 wights 5 big kobold zombies A deep dwarf zombie (Crypt:1) 2 kenku zombies (Crypt:3) A demonspawn zombie (Crypt:3) A brain worm zombie (D:13) A demigod skeleton (Crypt:4) 3 felid skeletons 3 gila monster skeletons 2 gila monster zombies 2 big kobold skeletons A deep dwarf skeleton (Crypt:3) 2 hound zombies 4 hound skeletons 4 giant ant zombies An orange rat skeleton (Crypt:3) A big kobold simulacrum (D:16) 2 worm zombies 8 flying skulls 3 giant centipede zombies A human skeleton (Crypt:1) 4 human simulacra (Port) 6 giant bat skeletons A giant bat zombie (Crypt:1) A gnoll skeleton (Crypt:4) A green rat skeleton (Crypt:4) A war dog skeleton (Lair:8) 2 giant gecko skeletons A giant gecko zombie (Crypt:3) 2 giant newt skeletons A goblin zombie (Vault:1) 2 grey rat skeletons A grey rat zombie (Lair:7) A hobgoblin skeleton (D:7) 2 jackal skeletons A killer bee larva zombie (Crypt:4) 2 kobold zombies 3 orc skeletons 3 orc zombies A quokka skeleton (D:6) A quokka zombie (Vault:1) 2 rat skeletons (Vault:1) A rat zombie (D:14) 3 snake skeletons A yellow wasp zombie (Vault:1)
212 creatures vanquished. All 'Z' A titan zombie (Crypt:3) A titan skeleton (Crypt:4) A golden dragon zombie (Crypt:1) 2 anaconda skeletons A shadow dragon skeleton (Crypt:4) 3 stone giant zombies A fire giant zombie (Vault:2) A golden dragon skeleton (Crypt:4) 2 sphinx skeletons 11 stone giant skeletons 4 frost giant skeletons 2 fire giant skeletons (D:23) A dire elephant skeleton (Crypt:4) 3 iron troll zombies 4 storm dragon skeletons An alligator snapping turtle skeleton (Crypt:3) 5 hydra zombies A golden dragon simulacrum (Port) An iron troll skeleton (D:23) 2 griffon zombies A hydra skeleton (D:17) An alligator zombie (Crypt:4) A guardian serpent skeleton (Crypt:2) 2 griffon skeletons (Crypt:3) An ice dragon skeleton (Crypt:3) 2 dragon skeletons 3 spiny worm zombies A giant toad skeleton (Crypt:4) 3 hill giant skeletons A deep troll zombie (Crypt:3) 3 rock troll zombies (Vault:1) 4 rock troll skeletons A deep troll skeleton (Vault:3) A snapping turtle skeleton (Crypt:3) A giant toad simulacrum (D:21) A dragon simulacrum (Port) 3 yaktaur skeletons A cyclops skeleton (Crypt:4) A grizzly bear zombie (Crypt:4) 2 grizzly bear skeletons A polar bear skeleton (Crypt:4) A yak skeleton (Crypt:3) 3 boring beetle zombies 3 boulder beetle zombies A centaur skeleton (Crypt:5) 2 bear simulacra (Port) 2 grizzly bear simulacra (Port) A giant leech zombie (Crypt:3) A crocodile skeleton (Crypt:3) A naga zombie (Crypt:3) A naga skeleton (Crypt:3) 2 harpy zombies A crocodile zombie (Lair:7) 2 elephant skeletons 2 elephant zombies 2 giant frog skeletons A giant frog zombie (Vault:1) 3 giant slug zombies A giant toad zombie (Vault:1) 2 hill giant zombies (D:14) A hippogriff skeleton (Lair:8) A hippogriff zombie (Vault:1) 2 lindwurm zombies 2 mottled dragon zombies 3 two-headed ogre zombies 4 yaktaur zombies
128 creatures vanquished.
3313 creatures vanquished. Monster Nature Uniques Boris (Vault:6) Saint Roka (Swamp:4) the Lernaean hydra (Swamp:5) Margery (Shoals:4) Kirke (Swamp:2) Agnes (D:18) Frances (Swamp:4) Aizul (D:18) Ilsuiw (Shoals:5) Donald (Orc:4) Louise (D:19) Maud (D:14) Snorg (D:15) Jozef (Swamp:2) Josephine (D:15) Erica (Orc:2) Harold (Orc:4) Nergalle (Shoals:2) Pikel (D:6) Urug (D:14) Maurice (D:8) Psyche (Elf:2) Sonja (Orc:2) Prince Ribbit (D:9) Grinder (D:8) Sigmund (D:4) Duvessa (D:6) Blork the orc (D:7) Dowan (D:6) Crazy Yiuf (D:3) Ijyb (D:5)
31 creatures vanquished. Natural Monsters A quicksilver dragon (D:27) 2 storm dragons A sphinx (Vault:6) 5 frost giants 26 stone giants 4 fire giants An alligator snapping turtle (shapeshifter) (D:25) A deep elf sorcerer (Elf:5) A minotaur (shapeshifter) (Vault:6) 3 sirens A great orb of eyes (shapeshifter) (D:21) 3 dragons 39 yaktaur captains 5 great orbs of eyes A merfolk aquamancer (Shoals:4) 2 ice dragons 18 hydras 7 merfolk javelineers (Shoals:5) 14 ogre magi 4 alligators 10 death yaks 4 merfolk impalers (Shoals:5) A deep elf demonologist (Port) 6 deep trolls A spiny worm (shapeshifter) (D:27) 7 griffons An emperor scorpion (shapeshifter) (D:26) An orc high priest (Orc:4) 8 very ugly things 7 unseen horrors An emperor scorpion (Port) 3 iron trolls 19 deep elf knights 18 centaur warriors 5 hell knights (Shoals:4) 4 giant orange brains (D:23) 2 lindwurms (Lair:8) 2 draconians (shapeshifter) An unseen horror (shapeshifter) (D:21) 8 hill giants 6 sea snakes A lindwurm (shapeshifter) (Vault:5) 13 swamp dragons 8 necromancers 4 orc sorcerers 24 harpies 21 cyclopes 26 orc knights 6 giant amoebae 11 spiny worms A draconian (D:12) A wolf spider (shapeshifter) (D:17) A moth of wrath (Zot:4) 3 black mambas An elephant (shapeshifter) (D:26) 4 trapdoor spiders 6 wolf spiders (Port) 68 slime creatures 2 elephant slugs 13 elephants 20 eyes of devastation (D:23) 13 rock trolls 9 spiny frogs 5 komodo dragons 100 yaktaurs 11 mermaids 119 ugly things A grizzly bear (Lair:5) 12 trolls A queen bee (Hive:2) 7 redbacks 3 baby alligators (Swamp:2) 15 snapping turtles 3 polar bears 33 two-headed ogres 20 blink frogs A blink frog (shapeshifter) (D:16) 6 giant fireflies (Lair:8) 17 giant toads 14 deep elf conjurers 11 bumblebees A merfolk (shapeshifter) (Vault:6) 13 giant blowflies 3 wyverns 39 merfolk A fire drake (Lair:6) 53 yaks 20 deep elf fighters 13 hippogriffs 5 rock worms 8 sharks 15 deep elf summoners 2 soldier ants 6 jumping spiders (Port) 2 mottled dragons 2 elves (shapeshifter) (D:15) 6 manticores 34 swamp worms 9 war dogs 44 orc warriors 18 ice beasts 4 sky beasts 4 slaves (D:6) 7 yellow wasps 6 deep elf priests 53 ogres 15 swamp drakes A boring beetle (shapeshifter) (D:15) 5 gila monsters 5 boring beetles 31 centaurs 19 big kobolds 2 kobold demonologists 5 brain worms 12 giant slugs 15 wargs 9 giant goldfish 19 deep elf magi 11 crocodiles 17 water moccasins 6 tarantellas (Port) 21 giant frogs 4 agate snails 5 giant leeches 13 boulder beetles An eye of draining (D:14) 9 iguanas 2 lava fish (D:17) 174 killer bees 20 jellyfish 2 giant beetles 9 electric eels 10 big fish 13 hounds 26 orc priests 17 scorpions 8 giant ants 31 orc wizards 26 deep elf soldiers 22 sheep 5 jellies A boggart (D:18) 10 gnolls 43 green rats 28 snakes 21 giant centipedes 21 worms 30 giant mosquitos 3 giant mites 61 grey rats 3 giant eyeballs 6 giant geckos 5 oozes 12 giant cockroaches 23 goblins 26 hobgoblins 13 jackals 212 orcs 15 quokkas 3 small snakes 49 giant bats 5 giant newts 43 killer bee larvae 76 kobolds 32 rats A butterfly (D:18) A tentacle (Shoals:1)
2590 creatures vanquished. Non-Living Monsters A dancing weapon (Vault:6) 6 ice statues 2 portal mimics 2 shop mimics 2 trap mimics 5 mimics A stair mimic (D:13) A water elemental (Shoals:5) 41 insubstantial wisps
61 creatures vanquished. Undead Monsters An ancient lich (Abyss) A lich (Vault:4) 4 curse skulls 2 bone dragons A titan zombie (Crypt:3) A titan skeleton (Crypt:4) A golden dragon zombie (Crypt:1) 2 anaconda skeletons A shadow dragon skeleton (Crypt:4) 3 stone giant zombies A fire giant zombie (Vault:2) A golden dragon skeleton (Crypt:4) 2 sphinx skeletons 11 stone giant skeletons 4 frost giant skeletons 2 fire giant skeletons (D:23) 54 skeletal warriors A shadow wraith (Crypt:3) 2 mottled draconian zombies (Crypt:4) A yellow draconian zombie (Crypt:4) A dire elephant skeleton (Crypt:4) 3 iron troll zombies 4 storm dragon skeletons An alligator snapping turtle skeleton (Crypt:3) 8 flayed ghosts A red draconian skeleton (Crypt:3) 2 vampire magi (Crypt:3) A siren zombie (Crypt:1) A yellow draconian skeleton (D:21) 5 hydra zombies A golden dragon simulacrum (Port) 9 phantasmal warriors An iron troll skeleton (D:23) 2 griffon zombies A hydra skeleton (D:17) 3 red wasp zombies (D:18) An alligator zombie (Crypt:4) A guardian serpent skeleton (Crypt:2) 2 griffon skeletons (Crypt:3) An ice dragon skeleton (Crypt:3) 2 dragon skeletons 3 spiny worm zombies A giant toad skeleton (Crypt:4) 3 guardian mummies (Crypt:2) 5 silent spectres 3 hill giant skeletons A deep troll zombie (Crypt:3) A nisse zombie (Crypt:3) 3 rock troll zombies (Vault:1) 4 rock troll skeletons A deep troll skeleton (Vault:3) A rotting hulk (Crypt:2) A snapping turtle skeleton (Crypt:3) A baby alligator skeleton (Crypt:4) A giant toad simulacrum (D:21) 2 merfolk zombies A viper zombie (Crypt:4) 2 redback zombies (D:18) A dragon simulacrum (Port) 10 giant blowfly zombies 9 wraiths 5 vampires 3 hungry ghosts 2 merfolk skeletons (Crypt:1) 11 ghouls 17 freezing wraiths 25 necrophages 3 yaktaur skeletons A mermaid skeleton (Crypt:1) A cyclops skeleton (Crypt:4) 5 phantoms 2 bumblebee zombies A grizzly bear zombie (Crypt:4) A queen bee zombie (Crypt:4) 2 grizzly bear skeletons A blink frog simulacrum (Crypt:2) A giant goldfish skeleton (Crypt:3) A polar bear skeleton (Crypt:4) A yak skeleton (Crypt:3) A giant blowfly simulacrum (D:17) 3 boring beetle zombies 2 black bear zombies 3 boulder beetle zombies 2 elf zombies (Elf:4) A soldier ant zombie (D:12) A centaur skeleton (Crypt:5) 3 water moccasin skeletons 2 bear simulacra (Port) 3 killer bee zombies 2 grizzly bear simulacra (Port) 16 wights 5 big kobold zombies A deep dwarf zombie (Crypt:1) A giant leech zombie (Crypt:3) 2 kenku zombies (Crypt:3) A demonspawn zombie (Crypt:3) A brain worm zombie (D:13) A crocodile skeleton (Crypt:3) 5 shadows A demigod skeleton (Crypt:4) 3 felid skeletons 3 gila monster skeletons 2 gila monster zombies 2 big kobold skeletons A deep dwarf skeleton (Crypt:3) 2 hound zombies A naga zombie (Crypt:3) 4 hound skeletons A naga skeleton (Crypt:3) 4 giant ant zombies An orange rat skeleton (Crypt:3) A big kobold simulacrum (D:16) 2 worm zombies 8 flying skulls 4 mummies 3 giant centipede zombies A human skeleton (Crypt:1) 4 human simulacra (Port) 6 giant bat skeletons A giant bat zombie (Crypt:1) A gnoll skeleton (Crypt:4) A green rat skeleton (Crypt:4) 2 harpy zombies A war dog skeleton (Lair:8) A crocodile zombie (Lair:7) 2 elephant skeletons 2 elephant zombies 2 giant frog skeletons A giant frog zombie (Vault:1) 2 giant gecko skeletons A giant gecko zombie (Crypt:3) 2 giant newt skeletons 3 giant slug zombies A giant toad zombie (Vault:1) A goblin zombie (Vault:1) 2 grey rat skeletons A grey rat zombie (Lair:7) 2 hill giant zombies (D:14) A hippogriff skeleton (Lair:8) A hippogriff zombie (Vault:1) A hobgoblin skeleton (D:7) 2 jackal skeletons A killer bee larva zombie (Crypt:4) 2 kobold zombies 2 lindwurm zombies 2 mottled dragon zombies 3 orc skeletons 3 orc zombies A quokka skeleton (D:6) A quokka zombie (Vault:1) 2 rat skeletons (Vault:1) A rat zombie (D:14) 3 snake skeletons 6 spectral orcs (Shoals:2) 3 two-headed ogre zombies 4 yaktaur zombies A yellow wasp zombie (Vault:1)
463 creatures vanquished. Demonic Monsters 2 tentacled monstrosities A rakshasa (D:17) 4 ice devils (Port) A hellion (Elf:5) 2 large large abominations (D:16) 2 orange demons A smoke demon (Elf:3) An iron devil (Port) 4 blue devils (Port) 3 demonic crawlers (Port) 2 neqoxecs 10 shadow demons 4 small abominations 4 ynoxinuls A hell hound (D:17) 3 quasits 15 imps 5 iron imps 2 midges 4 shadow imps 6 lemures A white imp (D:1) 51 ufetubi 10 illusory rakshasas (D:17)
139 creatures vanquished. Plants A wandering mushroom (D:16) 4 giant spores 6 ballistomycetes 2 fungi 2 plants 14 toadstools
29 creatures vanquished.
3313 creatures vanquished. Ascending Order An ancient lich (Abyss) Boris (Vault:6) Saint Roka (Swamp:4) the Lernaean hydra (Swamp:5) Margery (Shoals:4) A lich (Vault:4) A quicksilver dragon (D:27) Kirke (Swamp:2) Agnes (D:18) A sphinx (Vault:6) Frances (Swamp:4) Aizul (D:18) Ilsuiw (Shoals:5) Donald (Orc:4) Louise (D:19) Maud (D:14) Snorg (D:15) An alligator snapping turtle (shapeshifter) (D:25) Jozef (Swamp:2) A deep elf sorcerer (Elf:5) A titan zombie (Crypt:3) A dancing weapon (Vault:6) A minotaur (shapeshifter) (Vault:6) A great orb of eyes (shapeshifter) (D:21) A titan skeleton (Crypt:4) Josephine (D:15) A merfolk aquamancer (Shoals:4) Erica (Orc:2) Harold (Orc:4) A golden dragon zombie (Crypt:1) A deep elf demonologist (Port) A shadow dragon skeleton (Crypt:4) A rakshasa (D:17) A fire giant zombie (Vault:2) A golden dragon skeleton (Crypt:4) Nergalle (Shoals:2) A spiny worm (shapeshifter) (D:27) An emperor scorpion (shapeshifter) (D:26) An orc high priest (Orc:4) An emperor scorpion (Port) A shadow wraith (Crypt:3) A yellow draconian zombie (Crypt:4) A dire elephant skeleton (Crypt:4) An unseen horror (shapeshifter) (D:21) A lindwurm (shapeshifter) (Vault:5) An alligator snapping turtle skeleton (Crypt:3) Pikel (D:6) A red draconian skeleton (Crypt:3) A siren zombie (Crypt:1) A yellow draconian skeleton (D:21) Urug (D:14) A golden dragon simulacrum (Port) A hellion (Elf:5) An iron troll skeleton (D:23) Maurice (D:8) A hydra skeleton (D:17) A draconian (D:12) An alligator zombie (Crypt:4) A wolf spider (shapeshifter) (D:17) A moth of wrath (Zot:4) An elephant (shapeshifter) (D:26) A guardian serpent skeleton (Crypt:2) An ice dragon skeleton (Crypt:3) A stair mimic (D:13) A giant toad skeleton (Crypt:4) Psyche (Elf:2) A grizzly bear (Lair:5) A smoke demon (Elf:3) Sonja (Orc:2) A deep troll zombie (Crypt:3) Prince Ribbit (D:9) A queen bee (Hive:2) A wandering mushroom (D:16) An iron devil (Port) Grinder (D:8) A nisse zombie (Crypt:3) A deep troll skeleton (Vault:3) A blink frog (shapeshifter) (D:16) A rotting hulk (Crypt:2) A snapping turtle skeleton (Crypt:3) A baby alligator skeleton (Crypt:4) A giant toad simulacrum (D:21) A viper zombie (Crypt:4) A dragon simulacrum (Port) A merfolk (shapeshifter) (Vault:6) A fire drake (Lair:6) A water elemental (Shoals:5) A hell hound (D:17) A mermaid skeleton (Crypt:1) A cyclops skeleton (Crypt:4) A grizzly bear zombie (Crypt:4) A queen bee zombie (Crypt:4) A boring beetle (shapeshifter) (D:15) A blink frog simulacrum (Crypt:2) A giant goldfish skeleton (Crypt:3) A polar bear skeleton (Crypt:4) A yak skeleton (Crypt:3) A giant blowfly simulacrum (D:17) Sigmund (D:4) Duvessa (D:6) Blork the orc (D:7) A soldier ant zombie (D:12) A centaur skeleton (Crypt:5) An eye of draining (D:14) A giant leech zombie (Crypt:3) A deep dwarf zombie (Crypt:1) A demonspawn zombie (Crypt:3) A brain worm zombie (D:13) A crocodile skeleton (Crypt:3) Dowan (D:6) A demigod skeleton (Crypt:4) A deep dwarf skeleton (Crypt:3) Crazy Yiuf (D:3) A naga zombie (Crypt:3) A naga skeleton (Crypt:3) An orange rat skeleton (Crypt:3) A big kobold simulacrum (D:16) Ijyb (D:5) A boggart (D:18) A human skeleton (Crypt:1) A white imp (D:1) A giant bat zombie (Crypt:1) A green rat skeleton (Crypt:4) A gnoll skeleton (Crypt:4) A war dog skeleton (Lair:8) A hippogriff skeleton (Lair:8) A giant toad zombie (Vault:1) A goblin zombie (Vault:1) A quokka skeleton (D:6) A yellow wasp zombie (Vault:1) A quokka zombie (Vault:1) A grey rat zombie (Lair:7) A hippogriff zombie (Vault:1) A killer bee larva zombie (Crypt:4) A giant gecko zombie (Crypt:3) A hobgoblin skeleton (D:7) A crocodile zombie (Lair:7) A giant frog zombie (Vault:1) A rat zombie (D:14) A butterfly (D:18) A tentacle (Shoals:1) 2 storm dragons 2 bone dragons 2 tentacled monstrosities 2 ice dragons 2 anaconda skeletons 2 sphinx skeletons 2 fire giant skeletons (D:23) 2 mottled draconian zombies (Crypt:4) 2 lindwurms (Lair:8) 2 draconians (shapeshifter) 2 vampire magi (Crypt:3) 2 griffon zombies 2 portal mimics 2 shop mimics 2 trap mimics 2 large large abominations (D:16) 2 griffon skeletons (Crypt:3) 2 elephant slugs 2 dragon skeletons 2 orange demons 2 merfolk zombies 2 redback zombies (D:18) 2 neqoxecs 2 soldier ants 2 merfolk skeletons (Crypt:1) 2 mottled dragons 2 elves (shapeshifter) (D:15) 2 bumblebee zombies 2 grizzly bear skeletons 2 kobold demonologists 2 black bear zombies 2 elf zombies (Elf:4) 2 lava fish (D:17) 2 bear simulacra (Port) 2 grizzly bear simulacra (Port) 2 giant beetles 2 kenku zombies (Crypt:3) 2 gila monster zombies 2 big kobold skeletons 2 hound zombies 2 worm zombies 2 midges 2 harpy zombies 2 mottled dragon zombies 2 giant frog skeletons 2 lindwurm zombies 2 giant gecko skeletons 2 elephant zombies 2 elephant skeletons 2 grey rat skeletons 2 hill giant zombies (D:14) 2 kobold zombies 2 rat skeletons (Vault:1) 2 giant newt skeletons 2 jackal skeletons 2 fungi 2 plants 3 sirens 3 dragons 3 stone giant zombies 3 iron trolls 3 iron troll zombies 3 red wasp zombies (D:18) 3 black mambas 3 spiny worm zombies 3 guardian mummies (Crypt:2) 3 hill giant skeletons 3 baby alligators (Swamp:2) 3 polar bears 3 rock troll zombies (Vault:1) 3 demonic crawlers (Port) 3 wyverns 3 hungry ghosts 3 yaktaur skeletons 3 boring beetle zombies 3 boulder beetle zombies 3 water moccasin skeletons 3 killer bee zombies 3 quasits 3 felid skeletons 3 gila monster skeletons 3 giant centipede zombies 3 giant mites 3 giant eyeballs 3 small snakes 3 giant slug zombies 3 orc skeletons 3 orc zombies 3 snake skeletons 3 two-headed ogre zombies 4 curse skulls 4 fire giants 4 alligators 4 merfolk impalers (Shoals:5) 4 frost giant skeletons 4 giant orange brains (D:23) 4 ice devils (Port) 4 storm dragon skeletons 4 orc sorcerers 4 trapdoor spiders 4 rock troll skeletons 4 blue devils (Port) 4 small abominations 4 ynoxinuls 4 sky beasts 4 slaves (D:6) 4 agate snails 4 hound skeletons 4 giant ant zombies 4 mummies 4 shadow imps 4 human simulacra (Port) 4 yaktaur zombies 4 giant spores 5 frost giants 5 great orbs of eyes 5 hell knights (Shoals:4) 5 hydra zombies 5 mimics 5 komodo dragons 5 silent spectres 5 rock worms 5 vampires 5 phantoms 5 gila monsters 5 boring beetles 5 brain worms 5 giant leeches 5 big kobold zombies 5 shadows 5 iron imps 5 jellies 5 oozes 5 giant newts 6 deep trolls 6 sea snakes 6 ice statues 6 giant amoebae 6 wolf spiders (Port) 6 giant fireflies (Lair:8) 6 jumping spiders (Port) 6 manticores 6 deep elf priests 6 tarantellas (Port) 6 lemures 6 giant bat skeletons 6 giant geckos 6 spectral orcs (Shoals:2) 6 ballistomycetes 7 merfolk javelineers (Shoals:5) 7 griffons 7 unseen horrors 7 redbacks 7 yellow wasps 8 very ugly things 8 hill giants 8 flayed ghosts 8 necromancers 8 sharks 8 giant ants 8 flying skulls 9 phantasmal warriors 9 spiny frogs 9 wraiths 9 war dogs 9 giant goldfish 9 iguanas 9 electric eels 10 death yaks 10 shadow demons 10 giant blowfly zombies 10 big fish 10 gnolls 10 illusory rakshasas (D:17) 11 stone giant skeletons 11 spiny worms 11 mermaids 11 bumblebees 11 ghouls 11 crocodiles 12 trolls 12 giant slugs 12 giant cockroaches 13 swamp dragons 13 elephants 13 rock trolls 13 giant blowflies 13 hippogriffs 13 boulder beetles 13 hounds 13 jackals 14 ogre magi 14 deep elf conjurers 14 toadstools 15 snapping turtles 15 deep elf summoners 15 swamp drakes 15 wargs 15 imps 15 quokkas 16 wights 17 giant toads 17 freezing wraiths 17 water moccasins 17 scorpions 18 hydras 18 centaur warriors 18 ice beasts 19 deep elf knights 19 big kobolds 19 deep elf magi 20 eyes of devastation (D:23) 20 blink frogs 20 deep elf fighters 20 jellyfish 21 cyclopes 21 giant frogs 21 giant centipedes 21 worms 22 sheep 23 goblins 24 harpies 25 necrophages 26 stone giants 26 orc knights 26 orc priests 26 deep elf soldiers 26 hobgoblins 28 snakes 30 giant mosquitos 31 centaurs 31 orc wizards 32 rats 33 two-headed ogres 34 swamp worms 39 yaktaur captains 39 merfolk 41 insubstantial wisps 43 green rats 43 killer bee larvae 44 orc warriors 49 giant bats 51 ufetubi 53 yaks 53 ogres 54 skeletal warriors 61 grey rats 68 slime creatures 76 kobolds 100 yaktaurs 119 ugly things 174 killer bees 212 orcs
3313 creatures vanquished. The 3-digit Club 100 yaktaurs 119 ugly things 174 killer bees 212 orcs
605 creatures vanquished. ----------------------------------------

Vanquished Creatures (collateral kills)
  Monster Symbol All 'F'
  A giant frog (D:9)
1 creature vanquished. All 'J' 2 slime creatures (Swamp:2)
2 creatures vanquished.
3 creatures vanquished. Monster Nature Natural Monsters 2 slime creatures (Swamp:2) A giant frog (D:9)
3 creatures vanquished.
3 creatures vanquished. Ascending Order A giant frog (D:9) 2 slime creatures (Swamp:2)
3 creatures vanquished. ----------------------------------------

Vanquished Creatures (others)
  Monster Symbol All ';'
  An electric eel (Swamp:5)
1 creature vanquished. All '@' 4 humans (Swamp:2)
4 creatures vanquished. All '*' 8 tentacle segments (Shoals:1)
8 creatures vanquished. All 'f' 13 fungi 46 toadstools
59 creatures vanquished. All 'g' A hobgoblin (D:5)
1 creature vanquished. All 'h' A hell hound (D:19)
1 creature vanquished. All 'J' 5 slime creatures
5 creatures vanquished. All 'k' A bumblebee (shapeshifter) (Elf:3) 3 killer bee larvae (Hive:2)
4 creatures vanquished. All 'K' 2 kobolds
2 creatures vanquished. All 'o' An orc priest (Swamp:4) 9 orcs
10 creatures vanquished. All 'P' A bush (Lair:8) 29 plants
30 creatures vanquished. All 'r' 2 green rats (Lair:6) A grey rat (Lair:2) A rat (D:4)
4 creatures vanquished. All 'T' A deep troll (Vault:5)
1 creature vanquished. All 'u' 2 ugly things
2 creatures vanquished. All 'w' 4 tentacles (Shoals:1)
4 creatures vanquished. All 'x' A small abomination (Swamp:2)
1 creature vanquished. All 'X' A kraken (Shoals:1)
1 creature vanquished. All 'Y' 3 sheep
3 creatures vanquished. All 'z' A gnoll zombie (D:14) An orc skeleton (D:5)
2 creatures vanquished.
143 creatures vanquished. Monster Nature Natural Monsters A kraken (Shoals:1) A deep troll (Vault:5) 5 slime creatures 2 ugly things A bumblebee (shapeshifter) (Elf:3) An electric eel (Swamp:5) An orc priest (Swamp:4) 3 sheep 2 green rats (Lair:6) A grey rat (Lair:2) A hobgoblin (D:5) 4 humans (Swamp:2) 9 orcs 3 killer bee larvae (Hive:2) 2 kobolds A rat (D:4) 4 tentacles (Shoals:1) 8 tentacle segments (Shoals:1)
50 creatures vanquished. Undead Monsters A gnoll zombie (D:14) An orc skeleton (D:5)
2 creatures vanquished. Demonic Monsters A hell hound (D:19) A small abomination (Swamp:2)
2 creatures vanquished. Plants A bush (Lair:8) 13 fungi 29 plants 46 toadstools
89 creatures vanquished.
143 creatures vanquished. Ascending Order A kraken (Shoals:1) A deep troll (Vault:5) A bumblebee (shapeshifter) (Elf:3) A hell hound (D:19) A small abomination (Swamp:2) An electric eel (Swamp:5) An orc priest (Swamp:4) A grey rat (Lair:2) A hobgoblin (D:5) A gnoll zombie (D:14) An orc skeleton (D:5) A rat (D:4) A bush (Lair:8) 2 ugly things 2 green rats (Lair:6) 2 kobolds 3 sheep 3 killer bee larvae (Hive:2) 4 humans (Swamp:2) 4 tentacles (Shoals:1) 5 slime creatures 8 tentacle segments (Shoals:1) 9 orcs 13 fungi 29 plants 46 toadstools
143 creatures vanquished. ----------------------------------------

Grand Total: 3459 creatures vanquished

Notes
Turn   | Place    | Note
--------------------------------------------------------------
     0 | D:1      | 78291, the Deep Dwarf Arcane Marksman, began the quest for the Orb.
     0 | D:1      | Reached XP level 1. HP: 13/13 MP: 1/1
     2 | D:1      | Learned a level 1 spell: Corona
   449 | D:1      | Reached XP level 2. HP: 13/19 MP: 2/2
   461 | D:1      | Learned a level 2 spell: Swiftness
  1152 | D:2      | Found a basalt altar of Yredelemnul.
  1345 | D:2      | Reached XP level 3. HP: 20/26 MP: 3/3
  1558 | D:2      | Reached skill level 3 in Dodging
  2030 | D:2      | Found a shattered altar of Ashenzari.
  2378 | D:3      | Reached XP level 4. HP: 12/32 MP: 4/5
  2994 | D:3      | Noticed Crazy Yiuf
  3115 | D:3      | HP: 1/32 [Crazy Yiuf/quarterstaff of chaos (9)]
  3119 | D:3      | Defeated Crazy Yiuf
  3635 | D:3      | Learned a level 2 spell: Freezing Aura
  3660 | D:3      | Reached XP level 5. HP: 32/39 MP: 7/7
  3748 | D:4      | Found a staircase to the Ecumenical Temple.
  3757 | Temple   | Entered the Ecumenical Temple
  3838 | Temple   | Became a worshipper of Kikubaaqudgha
  4250 | D:4      | Reached skill level 4 in Dodging
  4334 | D:4      | Noticed 78291's ghost
  4854 | D:4      | Noticed Sigmund
  4884 | D:5      | Entered Level 5 of the Dungeon
  5175 | D:5      | Reached XP level 6. HP: 24/46 MP: 5/9
  5638 | D:5      | Noticed Ijyb
  5644 | D:5      | Defeated Ijyb
  6907 | D:3      | Reached XP level 7. HP: 27/53 MP: 10/10
  6985 | D:2      | Learned a level 3 spell: Poison Weapon
  7522 | D:6      | Reached skill level 5 in Dodging
  7582 | D:6      | Noticed Dowan
  7597 | D:6      | Defeated Dowan
  7597 | D:6      | Reached XP level 8. HP: 24/59 MP: 11/12
  7625 | D:6      | Noticed Duvessa
  7690 | D:6      | Acquired Kikubaaqudgha's first power
  7690 | D:6      | Received a gift from Kikubaaqudgha
  7711 | D:6      | Learned a level 1 spell: Pain
  7949 | D:6      | Reached skill level 6 in Crossbows
  8112 | D:6      | Noticed a big kobold
  8112 | D:6      | Noticed a big kobold
  8112 | D:6      | Noticed a big kobold
  8132 | D:6      | Defeated a big kobold
  8213 | D:6      | Found a deep blue altar of Sif Muna.
  8466 | D:6      | Learned a level 3 spell: Vampiric Draining
  8942 | D:6      | Noticed Pikel
  8972 | D:6      | Defeated Pikel
  8972 | D:6      | Gained mutation: You passively map the area around you.
  8972 | D:6      | Reached XP level 9. HP: 19/66 MP: 10/15
  9254 | D:6      | Defeated Duvessa
  9920 | D:6      | Noticed a big kobold
  9920 | D:6      | Noticed a big kobold
  9932 | D:6      | Noticed a big kobold
  9943 | D:6      | Defeated a big kobold
  9949 | D:6      | Defeated a big kobold
  9962 | D:6      | Defeated a big kobold
  9972 | D:6      | Noticed a big kobold
  9980 | D:6      | Defeated a big kobold
  9995 | D:6      | Defeated a big kobold
 10001 | D:6      | Noticed a big kobold
 10013 | D:6      | Defeated a big kobold
 10019 | D:6      | Defeated a big kobold
 10037 | D:6      | Noticed a big kobold
 10037 | D:6      | Noticed a big kobold
 10045 | D:6      | Defeated a big kobold
 10057 | D:6      | Noticed a big kobold
 10074 | D:6      | Defeated a big kobold
 10132 | D:6      | Defeated a big kobold
 10236 | D:6      | Reached skill level 7 in Necromancy
 10270 | D:6      | Acquired Kikubaaqudgha's second power
 10949 | D:4      | Defeated Sigmund
 11185 | D:7      | Noticed Blork the orc
 11257 | D:7      | Defeated Blork the orc
 11555 | D:7      | Learned a level 4 spell: Dispel Undead
 11558 | D:7      | Found a burning altar of Makhleb.
 11976 | D:8      | Reached skill level 8 in Necromancy
 11997 | D:8      | Noticed Grinder
 12016 | D:8      | Defeated Grinder
 12256 | D:8      | Reached XP level 10. HP: 61/75 MP: 18/19
 12624 | D:8      | Reached skill level 9 in Necromancy
 12690 | D:8      | Noticed Maurice
 12706 | D:8      | Defeated Maurice
 12851 | D:8      | Found a staircase to the Orcish Mines.
 13745 | D:9      | Noticed Prince Ribbit
 13763 | D:9      | Defeated Prince Ribbit
 13852 | D:9      | Reached skill level 10 in Necromancy
 14011 | D:9      | Received a gift from Kikubaaqudgha
 14254 | D:9      | Got a slimy leather armour
 14451 | D:9      | Identified the +3 leather armour of the Hanged Man (You found it on level 9 of the Dungeon)
 14471 | D:10     | Entered Level 10 of the Dungeon
 15248 | D:10     | Reached XP level 11. HP: 61/82 MP: 12/21
 15408 | D:11     | Reached skill level 11 in Necromancy
 16307 | D:12     | Acquired Kikubaaqudgha's third power
 16307 | D:12     | Received a gift from Kikubaaqudgha
 16772 | D:12     | Found a staircase to the Lair.
 16863 | Lair:1   | Entered Level 1 of the Lair of Beasts
 17546 | Lair:1   | Learned a level 5 spell: Agony
 18278 | Lair:2   | Acquired Kikubaaqudgha's fourth power
 18454 | Lair:2   | Found a staircase to the Swamp.
 19468 | Lair:1   | Reached XP level 12. HP: 58/93 MP: 17/24
 19801 | Temple   | Fell from the grace of Kikubaaqudgha
 19801 | Temple   | Was placed under penance by Kikubaaqudgha
 19801 | Temple   | Became a worshipper of Warmaster Okawaru
 20238 | Lair:3   | Acquired Okawaru's first power
 21904 | Lair:4   | Noticed Rupert
 22024 | Lair:4   | Reached skill level 12 in Necromancy
 22392 | Lair:1   | Learned a level 1 spell: Apportation
 22611 | Lair:5   | Got a droning book
 22612 | Lair:5   | Identified the Tome of Enchantment and Translocation (You found it on level 5 of the Lair of Beasts)
 22741 | Lair:5   | Found a staircase to the Shoals.
 23673 | Lair:6   | Got an encrusted ring mail
 23802 | Lair:6   | Received a gift from Okawaru
 24055 | Lair:6   | Received a gift from Okawaru
 24842 | Lair:7   | Found a viscous altar of Jiyva.
 24844 | Lair:7   | Found a staircase to the Slime Pits.
 24885 | Lair:7   | Found a crumbling entrance.
 24894 | Spider   | Entered a spider's nest
 25179 | Spider   | Received a gift from Okawaru
 25577 | Spider   | Acquired Okawaru's second power
 26229 | Spider   | Reached XP level 13. HP: 94/102 MP: 27/27
 26457 | Lair:7   | Received a gift from Okawaru
 26886 | Lair:7   | Received a gift from Okawaru
 27240 | Lair:7   | Received a gift from Okawaru
 27889 | Lair:8   | Entered Level 8 of the Lair of Beasts
 28400 | Orc:1    | Entered Level 1 of the Orcish Mines
 28453 | Orc:1    | Received a gift from Okawaru
 28679 | Orc:2    | Noticed Erica
 28679 | Orc:2    | Found a shimmering altar of Xom.
 28695 | Orc:2    | Defeated Erica
 28743 | Orc:2    | Received a gift from Okawaru
 28976 | Orc:3    | Received a gift from Okawaru
 29026 | Orc:3    | Found a staircase to the Elven Halls.
 29083 | Orc:4    | Entered Level 4 of the Orcish Mines
 29640 | Orc:4    | Found a burning altar of Makhleb.
 29642 | Orc:4    | Noticed Donald
 29766 | Orc:4    | Defeated Donald
 29861 | Orc:4    | Noticed Harold
 29926 | Orc:4    | Defeated Harold
 30339 | Orc:4    | Received a gift from Okawaru
 30394 | Orc:3    | Found a roughly hewn altar of Beogh.
 31144 | Orc:2    | Noticed Sonja
 31152 | Orc:2    | Defeated Sonja
 31817 | D:12     | Gained mutation: Your muscles are strong (Str +1).
 32179 | D:13     | Received a gift from Okawaru
 33242 | D:14     | Noticed Maud
 33290 | D:14     | Defeated Maud
 33458 | D:14     | Reached skill level 13 in Dodging
 33639 | D:14     | Noticed Urug
 33656 | D:14     | Defeated Urug
 34014 | D:14     | Noticed Nikola
 34133 | D:14     | Found a staircase to the Hive.
 35002 | D:15     | Entered Level 15 of the Dungeon
 35029 | D:15     | Gained mutation: You resist negative energy.
 35029 | D:15     | Reached XP level 14. HP: 64/111 MP: 21/29
 35131 | D:15     | Received a gift from Okawaru
 35633 | D:15     | Noticed Josephine
 35653 | D:15     | Defeated Josephine
 35927 | D:15     | Noticed Snorg
 38481 | Hive:1   | Entered Level 1 of the Hive
 38718 | Hive:1   | Received a gift from Okawaru
 38719 | Hive:1   | Got an ancient crossbow {god gift}
 38720 | Hive:1   | Identified the crossbow of Urgency {god gift, penet, rElec rF+ rN+ MR} (Okawaru gifted it to you on level 1 of the Hive)
 38969 | Hive:2   | Entered Level 2 of the Hive
 39328 | Hive:1   | Received a gift from Okawaru
 39547 | Hive:2   | Received a gift from Okawaru
 39766 | Hive:2   | Received a gift from Okawaru
 39927 | Hive:2   | Received a gift from Okawaru
 39990 | Hive:2   | Received a gift from Okawaru
 40398 | Hive:2   | Reached skill level 14 in Dodging
 40847 | Hive:2   | Received a gift from Okawaru
 41584 | D:15     | Noticed a boring beetle
 41593 | D:15     | Defeated a boring beetle
 41625 | D:15     | Learned a level 6 spell: Haste
 41774 | D:15     | Defeated Snorg
 41774 | D:15     | Reached XP level 15. HP: 70/120 MP: 10/31
 42610 | D:16     | Found a one-way gate to the infinite horrors of the Abyss.
 43093 | D:16     | Received a gift from Okawaru
 44224 | D:17     | Found a gateway to Hell.
 44380 | D:17     | Got an ichor-stained demon trident
 44381 | D:17     | Identified the +6,+2 demon trident "Sueg" (You took it off an iron imp on level 17 of the Dungeon)
 46386 | D:18     | Noticed Aizul
 46398 | D:18     | Defeated Aizul
 46500 | D:18     | Found a white marble altar of Elyvilon.
 46506 | D:18     | Noticed Norris
 46567 | D:18     | Noticed Agnes
 46573 | D:18     | Defeated Agnes
 47274 | D:18     | Received a gift from Okawaru
 47275 | D:18     | Got a faintly humming helmet {god gift}
 47442 | D:17     | Identified the +0 helmet of Gadu Tumaich {god gift} (Okawaru gifted it to you on level 18 of the Dungeon)
 48361 | D:19     | Noticed Louise
 48697 | D:19     | Found a staircase to the Vaults.
 48898 | D:19     | Reached XP level 16. HP: 97/131 MP: 29/34
 49106 | Vault:1  | Entered Level 1 of the Vaults
 49176 | Vault:1  | Found Shunayx's Weapon Shop.
 49363 | Vault:1  | Found Giovaang's Distillery.
 49442 | Vault:1  | Bought a potion of healing for 24 gold pieces
 49442 | Vault:1  | Bought a potion of porridge for 12 gold pieces
 49442 | Vault:1  | Bought a potion of healing for 24 gold pieces
 49442 | Vault:1  | Bought a potion of healing for 24 gold pieces
 49457 | Vault:1  | Found Wiabauth's Jewellery Emporium.
 49571 | Vault:1  | Bought an uncursed amulet of inaccuracy for 1 gold piece
 49778 | Vault:1  | Found Ypueckoc's Magical Wand Boutique.
 50560 | Vault:1  | Found Ladufuabb's Antique Armour Shoppe.
 50568 | Vault:1  | Bought a glowing cloak for 26 gold pieces
 51144 | Vault:1  | Was forgiven by Kikubaaqudgha
 51913 | Lair:1   | Gained mutation: Your mind is acute (Int +1).
 52509 | Vault:2  | Received a gift from Okawaru
 52608 | Vault:2  | Reached skill level 15 in Dodging
 52985 | Vault:2  | Received a gift from Okawaru
 54251 | Vault:3  | Found a staircase to the Crypt.
 55118 | Crypt:1  | Entered Level 1 of the Crypt
 55167 | Crypt:1  | Found a magical portal.
 55172 | WizLab   | Entered The Hall of Zemeses the Hellbinder
 55628 | Crypt:1  | Reached XP level 17. HP: 98/136 MP: 20/35
 55941 | Crypt:1  | Received a gift from Okawaru
 56299 | Crypt:2  | Noticed Mara
 56299 | Crypt:2  | Noticed 78291's ghost
 58245 | Crypt:3  | Received a gift from Okawaru
 58246 | Crypt:3  | Got a distressingly furry ring mail {god gift}
 61906 | Crypt:4  | Gained mutation: You passively map a large area around you.
 61906 | Crypt:4  | Reached XP level 18. HP: 58/141 MP: 27/35
 63261 | Crypt:4  | Received a gift from Okawaru
 64143 | Crypt:5  | Entered Level 5 of the Crypt
 64529 | Crypt:5  | Got a crystal long sword
 64530 | Crypt:5  | Noticed Frederick
 64578 | Crypt:5  | Noticed Xtahua
 65335 | Lair:1   | Identified the +2 ring mail "Smaix" {god gift} (Okawaru gifted it to you on level 3 of the Crypt)
 66058 | Lair:8   | Received a gift from Okawaru
 66925 | Lair:1   | Learned a level 5 spell: Borgnjor's Revivification
 67854 | D:19     | Defeated Louise
 68214 | D:19     | Noticed Wiglaf
 68311 | D:19     | Received a gift from Okawaru
 69167 | Vault:2  | Reached XP level 19. HP: 99/148 MP: 35/35
 69878 | Vault:4  | Received a gift from Okawaru
 72251 | Vault:5  | Found a frozen archway.
 72272 | IceCv    | Entered an ice cave
 73349 | Vault:5  | Received a gift from Okawaru
 73561 | Vault:5  | Reached skill level 16 in Dodging
 73753 | Vault:5  | Lost mutation: Your muscles are strong (Str +1).
 74790 | Vault:5  | Received a gift from Okawaru
 74840 | Vault:5  | Reached XP level 20. HP: 61/155 MP: 3/35
 75386 | Vault:5  | Found Joalag's Weapon Shoppe.
 76185 | Swamp:1  | Entered Level 1 of the Swamp
 77208 | Swamp:2  | Noticed Kirke
 77218 | Swamp:2  | Defeated Kirke
 78279 | Swamp:2  | Noticed Jozef
 78294 | Swamp:2  | Defeated Jozef
 78708 | Swamp:3  | Got a pitted jade ring
 78709 | Swamp:3  | Identified the ring "Bloymn" (You found it on level 3 of the Swamp)
 78713 | Swamp:3  | Received a gift from Okawaru
 79241 | Swamp:3  | Gained mutation: You are agile (Dex +1).
 79834 | Swamp:4  | Noticed Frances
 79853 | Swamp:4  | Defeated Frances
 80582 | Swamp:4  | Noticed Saint Roka
 80639 | Swamp:4  | Defeated Saint Roka
 82023 | Swamp:5  | Entered Level 5 of the Swamp
 83008 | Swamp:5  | Noticed the 27-headed Lernaean hydra
 84146 | Swamp:5  | Defeated the 27-headed Lernaean hydra
 84146 | Swamp:5  | Reached XP level 21. HP: 146/166 MP: 17/36
 84184 | Swamp:5  | Received a gift from Okawaru
 84218 | Swamp:5  | Got a decaying rune of Zot
 84646 | Elf:1    | Entered Level 1 of the Elven Halls
 85159 | Elf:1    | Received a gift from Okawaru
 85522 | Elf:1    | Gained mutation: Your magical capacity is low (-10% MP).
 85591 | Elf:2    | Noticed Psyche
 85598 | Elf:2    | Received a gift from Okawaru
 85608 | Elf:2    | Defeated Psyche
 85957 | Elf:3    | Found a flickering gateway to a bazaar. 85972
                  | bazaar
                  | Entered a bazaar 85992
                  | bazaar
                  | Found Ruyshrebb's Assorted Antiques. 86000
                  | bazaar
                  | Bought a potion of cure mutation for 315 gold pieces 86007
                  | bazaar
                  | Found Jisuntumno's Weapon Shop. 86045
                  | bazaar
                  | Found Nilanodi's Book Boutique. 86059
                  | bazaar
                  | Found Psaunamn's Magic Scroll Shop. 86067
                  | bazaar
                  | Bought a scroll of blinking for 27 gold pieces
 86289 | Elf:3    | Received a gift from Okawaru
 88387 | Elf:5    | Found Utuh's Book Shop.
 88776 | Elf:5    | Gained mutation: You occasionally shout uncontrollably.
 88788 | Elf:5    | Received a gift from Okawaru
 89613 | Elf:6    | Found a shimmering altar of Xom.
 89742 | Elf:7    | Entered Level 7 of the Elven Halls
 90500 | D:20     | Entered Level 20 of the Dungeon
 90568 | D:20     | Received a gift from Okawaru
 91298 | D:20     | Received a gift from Okawaru
 91955 | D:21     | Reached skill level 17 in Dodging
 95464 | D:22     | Received a gift from Okawaru
 96205 | D:23     | Reached XP level 22. HP: 147/175 MP: 32/33
 97022 | D:23     | Gained mutation: You tend to lose your temper in combat.
 97163 | D:21     | Received a gift from Okawaru
 97265 | Vault:1  | Bought a potion of cure mutation for 180 gold pieces
 97268 | Vault:1  | Lost mutation: You occasionally shout uncontrollably.
 97268 | Vault:1  | Lost mutation: Your magical capacity is low (-10% MP).
 97268 | Vault:1  | Lost mutation: You are agile (Dex +1).
 97268 | Vault:1  | Lost mutation: Your mind is acute (Int +1).
 97367 | D:17     | Lost mutation: You tend to lose your temper in combat.
 97368 | D:17     | Gained mutation: You are agile (Dex +1).
 98054 | D:23     | Found a portal to a secret trove of treasure.
 98172 | D:23     | hilarious
 98550 | D:23     | Lost mutation: You are agile (Dex +1).
 98669 | D:23     | Got an uncursed crystal morningstar
 99041 | D:23     | Received a gift from Okawaru
 99184 | D:23     | Identified the morningstar of Twireone {freeze, +Rage rC+ rN+ Str+3} (You found it on level 23 of the Dungeon)
 99818 | D:23     | Received a gift from Okawaru
100538 | Shoals:1 | Entered Level 1 of the Shoals
101529 | Shoals:2 | Got a twisted ankus
101697 | Shoals:2 | Received a gift from Okawaru
101795 | Shoals:2 | Noticed Nergalle
101813 | Shoals:2 | Defeated Nergalle
102416 | Lair:1   | Identified the cursed ankus "Conservator" {freeze, Int-5} (You found it on level 2 of the Shoals)
102747 | Shoals:3 | Found Nouxkan's Antique Armour Emporium.
102755 | Shoals:3 | Bought an embroidered cloak for 32 gold pieces
102907 | Shoals:3 | Received a gift from Okawaru
103167 | Shoals:3 | Got a sparkling iron ring
103174 | Shoals:3 | Identified the ring "Ydakh" (You found it on level 3 of the Shoals)
103407 | Shoals:3 | Got a colourful book
103408 | Shoals:3 | Identified the Almanac of Icy Bewitchment (You found it on level 3 of the Shoals)
103411 | Shoals:3 | Learned a level 2 spell: Repel Missiles
103938 | Shoals:4 | Noticed Margery
103977 | Shoals:4 | Defeated Margery
104359 | Shoals:4 | Received a gift from Okawaru
105230 | Shoals:5 | Entered Level 5 of the Shoals
105851 | Shoals:5 | Noticed Ilsuiw
105902 | Shoals:5 | Defeated Ilsuiw
106689 | Shoals:5 | Reached XP level 23. HP: 112/187 MP: 3/38
106790 | Shoals:5 | Reached skill level 18 in Dodging
107608 | Shoals:5 | Received a gift from Okawaru
107693 | Shoals:5 | Got a barnacled rune of Zot
109263 | D:24     | Found a one-way gate leading to the halls of Pandemonium.
109770 | D:25     | Entered Level 25 of the Dungeon
109950 | D:27     | Entered Level 27 of the Dungeon
110711 | D:27     | Received a gift from Okawaru
113311 | D:26     | Reached XP level 24. HP: 86/193 MP: 4/39
113902 | D:26     | Received a gift from Okawaru
113974 | D:26     | Got a steaming leather armour {god gift}
114194 | D:26     | Identified the +2 leather armour of Okawaru's Favour {god gift} (Okawaru gifted it to you on level 26 of the Dungeon)
115491 | Vault:6  | Found a staircase to the Hall of Blades.
115689 | Vault:6  | Reached skill level 19 in Dodging
115823 | Vault:6  | Noticed Boris
115831 | Vault:6  | Defeated Boris
119710 | D:25     | Found a bloodstained altar of Trog.
120573 | D:25     | Received a gift from Okawaru
121594 | D:16     | Received a gift from Okawaru
121755 | Abyss    | Entered The Abyss
123190 | Abyss    | Got a flickering emerald amulet
123413 | Abyss    | Got an abyssal rune of Zot
123703 | D:16     | You pass through the gate.
123828 | Lair:1   | Learned a level 4 spell: Control Teleport
123841 | Lair:1   | Learned a level 5 spell: Teleport Self
123850 | Lair:1   | Identified the amulet "Owaighes" (You acquired it in the Abyss)
124279 | D:24     | Received a gift from Okawaru
124441 | Zot:1    | Entered Level 1 of the Realm of Zot
124719 | Zot:5    | Entered Level 5 of the Realm of Zot
124795 | Zot:5    | oh, didn't even see that moth
124807 | Zot:5    | Got the Orb of Zot
125266 | D:17     | Noticed Crabeddulasch the pandemonium lord
125477 | D:8      | Noticed Fyucaur the pandemonium lord
125641 | D:3      | Noticed Datag the pandemonium lord
125741 | D:$      | Escaped with the Orb!
